Cogmind - Beta 15 @@@ ROGUE MODE // 2025.07.24 @ 18:46:15 Player: LightKnight Result: Destroyed by 1C-UTU with 1C-UTU's Sword "Lootmaker" Performance ------------- Evolutions (1) 500 Regions Visited (6) 1200 Robots Destroyed (70) 350 Value Destroyed (1993) 1993 Prototype IDs (23) 460 Alien Tech Used (0) 0 Bonus (238) 238 TOTAL SCORE: 4741 Bonus ------- High Alert Combat Kills 117 Follower Combat Kills 200 Friendly Fire -79 Cogmind --------- Core Integrity 0/400 Matter 216/300 Energy 280/280 System Corruption 0% Temperature Cool (10) Movement Walking (120) Location -8/Mines Parts ------- > --- POWER (1) -------- Cooled Ion Engine > --- PROPULSION (3) --- Advanced Myomer Leg Advanced Myomer Leg > --- UTILITY (2) ------ Large Storage Unit Advanced Weapon Cycler > --- WEAPON (3) ------- 8R-AWN's Boregun 8R-AWN's Boregun > --- INVENTORY (15) --- Reinforced Fission Core Light Treads Improved Treads Improved Treads Improved Treads Experimental Heat Sink Experimental Targeting Computer Sensor Drone Bay (20/20) AS-neutralizer No. 17b Heavy Assault Rifle Improved Assault Rifle Improved Assault Rifle Improved Assault Rifle Rocket Launcher Peak State ------------ > --- POWER ------------ Cooled Ion Engine > --- PROPULSION ------- Improved Treads Advanced Myomer Leg Advanced Myomer Leg > --- UTILITY ---------- Large Storage Unit Advanced Weapon Cycler > --- WEAPON ----------- Heavy Assault Rifle 8R-AWN's Boregun 8R-AWN's Boregun > --- INVENTORY -------- Reinforced Fission Core Light Treads Improved Treads Improved Treads Improved Treads Experimental Heat Sink Experimental Targeting Computer Sensor Drone Bay AS-neutralizer No. 17b Heavy Assault Rifle Improved Assault Rifle Improved Assault Rifle Improved Assault Rifle Rocket Launcher [Rating: 57] Favorites ----------- Power Cooled Ion Engine Engine Cooled Ion Engine Propulsion Light Treads Treads Light Treads Leg Aluminum Leg Utility Large Storage Unit Device Shield Generator Storage Large Storage Unit Processor Targeting Computer Protection Light Armor Plating Weapon Assault Cannon Energy Gun Particle Gun Ballistic Gun Improved Assault Rifle Ballistic Cannon Assault Cannon Launcher Grenade Launcher Special Melee Weapon Datajack Build | -11 -10 -10 -9 -9 -9 -8 ------- Run | Yrd Mat Min Mat Min Exi Min Slots Evolved 2 | . . . 2 . . . Power . | . . . . . . . Propulsion 1 | . . . 1 . . . Utility . | . . . . . . . Weapon 1 | . . . 1 . . . Parts Attached 45 | . 11 2 18 1 10 3 Power 3 | . 1 . 2 . . . Engine 3 | . 1 . 2 . . . Core . | . . . . . . . Reactor . | . . . . . . . Propulsion 14 | . 2 . 7 . 5 . Treads 12 | . 2 . 7 . 3 . Leg 2 | . . . . . 2 . Wheel . | . . . . . . . Hover . | . . . . . . . Flight . | . . . . . . . Utility 10 | . 3 1 3 1 1 1 Device 4 | . . 1 1 1 . 1 Storage 2 | . 2 . . . . . Processor 2 | . 1 . . . 1 . Hackware . | . . . . . . . Protection 2 | . . . 2 . . . Artifact . | . . . . . . . Weapon 18 | . 5 1 6 . 4 2 Energy Gun 3 | . 2 1 . . . . Energy Cannon . | . . . . . . . Ballistic Gun 8 | . 1 . 3 . 2 2 Ballistic Cannon 4 | . 1 . 3 . . . Launcher 2 | . 1 . . . 1 . Special Weapon . | . . . . . . . Impact Weapon . | . . . . . . . Slashing Weapon . | . . . . . . . Piercing Weapon . | . . . . . . . Special Melee Weapon 1 | . . . . . 1 . Unidentified Prototypes 3 | . . . 2 1 . . Parts Lost 5 | . . . . . 3 2 Power . | . . . . . . . Propulsion 2 | . . . . . 1 1 Utility 1 | . . . . . 1 . Weapon 2 | . . . . . 1 1 Highest Loss Streak 3 | . . . . . 3 2 To Critical Strikes 2 | . . . . . 2 . Average Backups 12 | . 9 12 14 15 7 14 Power . | . 1 1 1 1 . 1 Propulsion 3 | . 3 3 4 5 2 4 Utility 1 | . . 1 . 1 . 4 Weapon 5 | . 4 6 7 6 3 5 Tool/Special . | . . . . . . . Unused Backups 30 | . 5 1 13 1 3 7 Power 6 | . 1 . 3 . 1 1 Propulsion 6 | . 3 . 1 . . 2 Utility 8 | . 1 1 1 . 2 3 Weapon 9 | . . . 7 1 . 1 Tool/Special 1 | . . . 1 . . . Average Slot Usage (%) 98 | . 91 100 99 100 97 95 Engine 12 | . 14 14 11 11 11 11 Treads 28 | . 12 28 33 33 32 11 Leg 2 | . 15 . . . . 22 Device 5 | . . 3 4 11 9 8 Storage 10 | . 14 14 11 11 3 11 Processor 4 | . 6 10 . . 7 . Protection 2 | . . . 6 . . . Energy Gun 5 | . 15 13 1 . . . Ballistic Gun 6 | . 10 . 2 7 18 30 Ballistic Cannon 17 | . 1 10 28 25 7 . Launcher 1 | . . 3 . . 2 . Peak Build Rating 57 | . 9 12 22 28 36 57 Average Rating 16 | . 7 9 19 22 20 55 On Entrance 16 | 6 6 9 12 22 22 36 Naked Turns . | . . . . . . . Heaviest Build 48 | 11 31 32 48 45 43 44 Greatest Support 69 | 20 40 40 63 63 69 60 Greatest Overweight (x) . | . . . . . . . Average Overweight (x) . | . . . . . . . Largest Inventory Capacity 15 | . 15 15 15 15 15 15 Average Capacity 13 | . 11 15 15 15 7 15 Most Carried 15 | . 12 14 15 15 15 15 Average Carried 12 | . 9 12 14 14 7 14 Final Capacity 15 | 8 15 15 15 15 15 15 Final Carried 15 | 6 12 13 15 15 15 14 Class Distribution -------------------- 52% | Tank 38% | Mutant 8% | Gunner Dominant Class ---------------- Mutant | -10/Materials Mutant | -10/Mines Tank | -9/Materials Tank | -9/Mines Tank | -9/Exiles Scavenger-Gunner | -8/Mines Resources | -11 -10 -10 -9 -9 -9 -8 ----------- Run | Yrd Mat Min Mat Min Exi Min Matter Collected 2344 | 200 235 168 1012 139 590 . Remotely . | . . . . . . . Salvage Created 2145 | . 413 137 1356 108 131 . Parts 132 | . 32 10 71 8 11 . Haulers Intercepted 4 | . 1 . 3 . . . Recyclers Shooed . | . . . . . . . Parts Field Recycled . | . . . . . . . Retrieved Matter . | . . . . . . . Parts Self-Destructed . | . . . . . . . Prevented . | . . . . . . . Kills | -11 -10 -10 -9 -9 -9 -8 ------- Run | Yrd Mat Min Mat Min Exi Min Combat Hostiles Destroyed 65 | . 12 6 33 6 8 . Guns 18 | . 9 3 3 1 2 . Cannons 33 | . . 2 26 5 . . AOE 14 | . 3 1 4 . 6 . Classes Destroyed 12 | . 6 2 4 . . . Worker 1 | . 1 . . . . . Builder 3 | . 1 . 2 . . . Tunneler 1 | . . 1 . . . . Hauler 4 | . 1 . 3 . . . Operator 1 | . . . 1 . . . Watcher 4 | . 3 . 1 . . . Swarmer 12 | . 8 1 . 3 . . Grunt 31 | . 4 3 22 2 . . Brawler 2 | . . . 2 . . . Duelist 2 | . . . 1 1 . . Sentry 8 | . . . 8 . . . Assembled 9 | . . 2 . . 7 . Best Kill Streak 7 | . 5 2 5 3 7 . Combat Bots Only 7 | . 3 2 4 3 7 . Max Kills in Single Turn 4 | . 4 1 2 2 3 . Gunslinging 1 | . 1 . . . . . Exploded 3 | . 3 1 1 . 3 . Melee . | . . . . . . . Uniques/NPCs Destroyed 1 | . . . . . 1 . 8R-AWN (-9/Exiles) Combat | -11 -10 -10 -9 -9 -9 -8 -------- Run | Yrd Mat Min Mat Min Exi Min Hostile Shots Fired 229 | . 27 19 78 11 80 14 Missed 60 | . 6 4 22 5 19 4 Hits 169 | . 21 15 56 6 61 10 Melee 13 | . . . . . 3 10 Projectile 156 | . 21 15 56 6 58 . Critical Strikes 33 | . . 1 . . 27 5 Damage Taken 2823 | . 197 216 814 40 990 566 Core 506 | . 37 32 85 8 174 170 Absorbed by Shields 280 | . . . 37 17 226 . Regen/Repaired (Parts) 80 | . 30 . 50 . . . Core Remaining (%) 86 | 100 . 72 . . . . Volleys Fired 176 | . 39 22 66 9 35 5 Largest 3 | . 2 2 3 3 3 2 Hottest 170 | . 105 130 170 111 69 60 Shots Fired 408 | . 64 37 184 27 87 9 Gun 202 | . 63 14 31 6 79 9 Cannon 187 | . . 17 149 21 . . Launcher 19 | . 1 6 4 . 8 . Special . | . . . . . . . Kinetic 321 | . 37 17 152 27 79 9 Thermal 31 | . 1 14 16 . . . Explosive 19 | . 1 6 4 . 8 . Electromagnetic 37 | . 25 . 12 . . . Robot Hit Streak 17 | . 8 9 10 11 17 3 Robot Miss Streak 5 | . 5 2 4 1 2 3 Penetration Max . | . . . . . . . Secondary Targets 2 | . 2 . . . . . Max Gunslinging Chain 1 | . 1 . . . . . Shots Hit Robots 229 | . 34 21 86 16 68 4 Core Hits 117 | . 22 12 47 7 28 1 Critical Kills . | . . . . . . . Critical Parts Destroyed 2 | . . . . . . 2 Critical Strikes 8 | . . . 6 . . 2 Burn 1 | . . . 1 . . . Destroy 2 | . . . . . . 2 Blast 5 | . . . 5 . . . Melee Attacks 4 | . . . . . 4 . Impact . | . . . . . . . Slashing . | . . . . . . . Piercing . | . . . . . . . Sneak Attacks 4 | . . . . . 4 . Combat Hostiles . | . . . . . . . Follow-up Attacks . | . . . . . . . Damage Inflicted 5618 | . 716 455 2564 433 1363 87 Guns 1962 | . 456 159 223 62 975 87 Cannons 2317 | . . 137 1849 331 . . Explosions 1241 | . 222 146 485 . 388 . Melee . | . . . . . . . Ramming 98 | . 38 13 7 40 . . Kinetic 3713 | . 241 137 1880 393 975 87 Thermal 335 | . 42 159 134 . . . Explosive 1199 | . 180 146 485 . 388 . Electromagnetic 273 | . 215 . 58 . . . Impact . | . . . . . . . Slashing . | . . . . . . . Piercing . | . . . . . . . Highest Corruption . | . . . . . . . Average Corruption . | . . . . . . . Corruption Purged . | . . . . . . . Corruption Blocked . | . . . . . . . Overload Shots . | . . . . . . . Overflow Damage 81 | . . 4 31 11 35 . Projectiles 46 | . . 4 31 11 . . Explosions 35 | . . . . . 35 . Melee . | . . . . . . . Knockbacks 17 | . 1 4 8 4 . . Impact 2 | . 1 . . 1 . . Kinetic 15 | . . 4 8 3 . . Secondary . | . . . . . . . Self-Inflicted Damage 107 | . . 32 . . 75 . Shots 3 | . . 1 . . 2 . Rammed 8 | . . 1 2 5 . . Targets Rammed 18 | . 10 1 2 5 . . Kicked 9 | . 9 . . . . . Crushed 1 | . 1 . . . . . Highest Temperature 222 | . 45 168 222 113 9 25 Average Temperature 62 | . 21 78 67 51 3 11 Received Heat Transfer 519 | . 33 90 380 16 . . Siege Activations . | . . . . . . . Martial Activations . | . . . . . . . Shielding Activations . | . . . . . . . Robots Disrupted . | . . . . . . . Combat Hostiles . | . . . . . . . Robots Corrupted . | . . . . . . . Combat Hostiles . | . . . . . . . Parts Fried . | . . . . . . . Impact Corruptions . | . . . . . . . Robots Melted . | . . . . . . . Combat Hostiles . | . . . . . . . Parts Melted . | . . . . . . . Heat Transferred 827 | . 50 370 407 . . . Parts Sabotaged . | . . . . . . . Parts Stolen . | . . . . . . . Parts Stripped . | . . . . . . . Power Chain Reactions 1 | . 1 . . . . . Alert | -11 -10 -10 -9 -9 -9 -8 ------- Run | Yrd Mat Min Mat Min Exi Min Maximum Alert Level 2 | . . . 2 1 . . Low Security (%) 65 | . 100 100 32 68 . 100 Level 1 18 | . . . 30 31 . . Level 2 15 | . . . 36 . . . Level 3 . | . . . . . . . Level 4 . | . . . . . . . Level 5 . | . . . . . . . High Security . | . . . . . . . Max Security . | . . . . . . . Peak Influence 697 | . 136 118 697 327 . 1 Initial 268 | . . 22 22 268 . . Average 172 | . 57 24 303 157 . . Influence Increases 2226 | . 429 223 1412 161 . 1 Destroy 0b10 Robot/C 1260 | . 240 120 780 120 . . Destroy 0b10 Robot/NC 95 | . 30 5 60 . . . Destroy Leader 334 | . 68 30 216 20 . . Allied During Kill 106 | . . 12 94 . . . Successful Hack 24 | . 7 . 17 . . . Select Force Hacks 90 | . 60 . 30 . . . Disable Machine 135 | . 15 15 105 . . . Destroy Structure 92 | . 9 26 50 6 . 1 Lose Combat Pursuer 90 | . . 15 60 15 . . Influence Decreases 2226 | . 371 222 782 837 13 1 Entered New Map 507 | . . 36 37 421 13 . Time Decay 1622 | . 371 186 648 416 . 1 Lost Ally 97 | . . . 97 . . . Squads Dispatched 9 | . 2 . 7 . . . Investigation 5 | . 2 . 3 . . . Extermination . | . . . . . . . Reinforcement 3 | . . . 3 . . . Assault 1 | . . . 1 . . . Garrison . | . . . . . . . Intercept . | . . . . . . . Searches Triggered . | . . . . . . . Construction Impeded 1 | . . . 1 . . . Haulers Reinforced . | . . . . . . . Active Scanning Responses . | . . . . . . . Cargo Convoy Interrupts . | . . . . . . . Stealth | -11 -10 -10 -9 -9 -9 -8 --------- Run | Yrd Mat Min Mat Min Exi Min Distress Signals 6 | . 1 . 5 . . . Communications Jammed . | . . . . . . . Distress Signals . | . . . . . . . Times Spotted 94 | . 19 9 53 7 5 1 Peak Tracking Total 9 | . 4 2 5 3 9 1 Tactical Retreats 4 | . . 1 2 1 . . Traps | -11 -10 -10 -9 -9 -9 -8 ------- Run | Yrd Mat Min Mat Min Exi Min Traps Triggered 3 | . . . 3 . . . Indirectly . | . . . . . . . Trap Hack Attempts . | . . . . . . . Triggered . | . . . . . . . Disarmed . | . . . . . . . Reprogrammed . | . . . . . . . Reused . | . . . . . . . Traps Extracted . | . . . . . . . Installed . | . . . . . . . Triggered . | . . . . . . . Machines | -11 -10 -10 -9 -9 -9 -8 ---------- Run | Yrd Mat Min Mat Min Exi Min Machines Disabled 16 | . 1 1 10 . 4 . Max in Single Turn 2 | . 1 1 2 . 2 . Machines Repaired . | . . . . . . . Machines Dismantled . | . . . . . . . Machines Sabotaged . | . . . . . . . Overloaded Fab Kills . | . . . . . . . Hacking | -11 -10 -10 -9 -9 -9 -8 --------- Run | Yrd Mat Min Mat Min Exi Min Machines Accessed 19 | . 9 . 9 1 . . Terminals 12 | . 6 . 6 . . . Fabricators . | . . . . . . . Repair Stations 2 | . 1 . 1 . . . Recycling Units 4 | . 2 . 2 . . . Scanalyzers . | . . . . . . . Garrison Access . | . . . . . . . Total Hacks 44 | . 21 . 22 1 . . Successful 25 | . 11 . 13 1 . . Failed 18 | . 9 . 9 . . . Catastrophic . | . . . . . . . Database Lockouts 1 | . 1 . . . . . Manual 24 | . 11 . 13 . . . Terminals 31 | . 15 . 16 . . . Fabricators . | . . . . . . . Repair Stations 6 | . 3 . 3 . . . Recycling Units 6 | . 3 . 3 . . . Scanalyzers . | . . . . . . . Garrison Access . | . . . . . . . Terminal Hacks 13 | . 4 . 8 1 . . Record 1 | . . . 1 . . . Robot Analysis 2 | . 1 . 1 . . . Prototype ID Bank 5 | . 1 . 4 . . . Open Door 1 | . . . . 1 . . Locate Traps 3 | . 2 . 1 . . . Hauler Manifests 1 | . . . 1 . . . Fabricator Hacks . | . . . . . . . Repair Station Hacks 4 | . 2 . 2 . . . Scan Component 2 | . 1 . 1 . . . Repair 2 | . 1 . 1 . . . Recycling Unit Hacks . | . . . . . . . Scanalyzer . | . . . . . . . Garrison Access Hacks . | . . . . . . . Unauthorized Hacks 8 | . 5 . 3 . . . Terminals 5 | . 3 . 2 . . . Botnet 5 | . 3 . 2 . . . Fabricators . | . . . . . . . Repair Stations . | . . . . . . . Recycling Units 3 | . 2 . 1 . . . Tunnel 3 | . 2 . 1 . . . Scanalyzers . | . . . . . . . Garrison Access . | . . . . . . . Data Cores Recovered 1 | . . . 1 . . . Used . | . . . . . . . Hacking Detections 14 | . 6 . 8 . . . Full Trace Events 1 | . 1 . . . . . Feedback Events . | . . . . . . . Feedback Blocked . | . . . . . . . Robot Schematics Acquired . | . . . . . . . Robots Built . | . . . . . . . Authchips . | . . . . . . . Time . | . . . . . . . Total Robot Build Rating . | . . . . . . . Part Schematics Acquired . | . . . . . . . Parts Built . | . . . . . . . Authchips . | . . . . . . . Time . | . . . . . . . Total Part Build Rating . | . . . . . . . Parts Repaired 2 | . 1 . 1 . . . Time 52 | . 26 . 26 . . . Parts Recycled . | . . . . . . . Recycled Matter . | . . . . . . . Retrieved Matter . | . . . . . . . Retrieved Components . | . . . . . . . Parts Scanalyzed . | . . . . . . . Part Schematics Acquired . | . . . . . . . Parts Damaged . | . . . . . . . Bothacking | -11 -10 -10 -9 -9 -9 -8 ------------ Run | Yrd Mat Min Mat Min Exi Min Used RIF Installer . | . . . . . . . Robots Hacked 4 | . . . . . 4 . Non-combat 3 | . . . . . 3 . Combat 1 | . . . . . 1 . Robot Hacks Applied 4 | . . . . . 4 . parse_system 4 | . . . . . 4 . Relay Couplers Released . | . . . . . . . Fabnet Peak Effective % . | . . . . . . . Robots Rewired . | . . . . . . . Allies Hacked . | . . . . . . . Hacks Repelled . | . . . . . . . Allies | -11 -10 -10 -9 -9 -9 -8 -------- Run | Yrd Mat Min Mat Min Exi Min Total Allies 6 | . . 5 . 1 . . Largest Group 5 | . . 5 5 1 1 . Highest-Rated Group 82 | . . 82 82 31 31 . Highest-Rated Ally 31 | . . 31 31 31 31 . Total Orders . | . . . . . . . Ally Attacks 82 | . . 9 73 . . . Total Damage 846 | . . 125 721 . . . Kills 13 | . . 2 11 . . . Allies Corrupted . | . . . . . . . Allies Melted . | . . . . . . . Intel | -11 -10 -10 -9 -9 -9 -8 ------- Run | Yrd Mat Min Mat Min Exi Min Active Infowar (turns) . | . . . . . . . Robot Analysis Total 2 | . 1 . 1 . . . Derelict Logs Recovered 4 | . . 2 . 2 . . Drone Launches . | . . . . . . . Drone Recoveries . | . . . . . . . Exploration | -11 -10 -10 -9 -9 -9 -8 ------------- Run | Yrd Mat Min Mat Min Exi Min Turns Passed 6965 | . 1068 1261 2537 1012 1044 43 Spaces Moved 3802 | 1 663 586 1394 605 541 12 Core . | . . . . . . . Treads 3345 | . 248 586 1394 605 512 . Legs 457 | 1 415 . . . 29 12 Wheels . | . . . . . . . Hover . | . . . . . . . Flight . | . . . . . . . Fastest Speed 120 | 120 120 160 160 160 120 120 Average Speed 155 | 120 134 160 160 160 157 120 Slowest Speed 160 | 120 160 160 160 160 160 120 Overloaded Moves . | . . . . . . . Propulsion Burnouts . | . . . . . . . Robots Hopped . | . . . . . . . Potential Cave-ins . | . . . . . . . Cave-ins Triggered . | . . . . . . . Exploration Rate (%) 65 | 2 98 98 96 98 64 3 Regions Visited 6 Branch Regions 4 Pre-discovered Areas 5 | . 2 1 1 1 . . Known Exits Taken . | . . . . . . . Unknown Exits Taken 6 | 1 1 1 1 1 1 . Scrap Searched 3 | . . 2 . 1 . . Spaces Dug . | . . . . . . . Terrain Destroyed 120 | . 8 34 46 6 24 2 Melee . | . . . . . . . Projectile 40 | . . . 32 6 . 2 AOE 80 | . 8 34 14 . 24 . Terrain Rammed . | . . . . . . . Walls Destroyed . | . . . . . . . Machines Disabled . | . . . . . . . Actions | -11 -10 -10 -9 -9 -9 -8 --------- Run | Yrd Mat Min Mat Min Exi Min Total 4544 | . 771 872 1572 630 666 33 Wait 366 | . 30 255 33 1 35 12 Move 3796 | . 662 585 1393 604 540 12 Hop . | . . . . . . . Pick Up 55 | . 7 2 22 3 21 . Fast Attach 21 | . 5 1 8 2 4 1 Attach 15 | . 2 1 2 1 8 1 Detach 16 | . 5 2 5 . 4 . Swap 23 | . 5 2 12 . 2 2 Drop 54 | . 6 1 29 5 13 . Fire 176 | . 39 22 66 9 35 5 Melee 4 | . . . . . 4 . Ram . | . . . . . . . Kick 9 | . 9 . . . . . Crush 9 | . 1 1 2 5 . . Escape Stasis . | . . . . . . . Rewire . | . . . . . . . Trap . | . . . . . . . Miscellaneous . | . . . . . . . Route ------- -11/Scrapyard -10/Materials (discovered 4 exits: *Mat x3 / [*Min]) -10/Mines (discovered 3 exits: *Mat x2 / *Sub) -9/Materials (discovered 4 exits: [*Mat x3] / *Min) -9/Mines (discovered 3 exits: [*Mat x2] / [*Exi]) -9/Exiles -8/Mines History --------- Turn | Location | Event 1 | -11/Scrapyard | Discovered new exit (range 0) 1 | -11/Scrapyard | Entered Materials 304 | -10/Materials | Build established: Mutant 306 | -10/Materials | Discovered new exit (range 8) 461 | -10/Materials | Discovered new exit (range 10) 506 | -10/Materials | Central database locked down 673 | -10/Materials | Discovered new exit (range 13) 805 | -10/Materials | Discovered new exit (range 16) 869 | -10/Materials | Repaired EM Pulse Gun 1069 | -10/Materials | Entered Mines 1074 | -10/Mines | Identified exit to Subcaves 1082 | -10/Mines | Assembled infested the area 1087 | -10/Mines | Assisted by a Guerilla fighting off Assembled 2006 | -10/Mines | Discovered new exit (range 11) 2296 | -10/Mines | Discovered new exit (range 12) 2317 | -10/Mines | Assisted by bots powering up and referring to "LRC-V3" 2330 | -10/Mines | Entered Materials 2330 | -9/Materials | Accompanied by 5 allies 2330 | -9/Materials | Evolved 2 slots: Propulsion x1, Weapon x1 2335 | -9/Materials | Led the pair of lost Derelicts to an unsafe place 2640 | -9/Materials | Build established: Gunner 2872 | -9/Materials | Discovered new exit (range 12) 3018 | -9/Materials | Build established: Tank 3297 | -9/Materials | Discovered new exit (range 13) 3602 | -9/Materials | Repaired Lgt. Armor Plating 3689 | -9/Materials | Discovered new exit (range 4) 4500 | -9/Materials | Discovered new exit (range 10) 4730 | -9/Materials | First assault squad dispatched 4867 | -9/Materials | Entered Mines 4926 | -9/Mines | Discovered new exit (range 5) 5009 | -9/Mines | Learned location of Zion (-6) 5037 | -9/Mines | Deemed a non-threat by the Exiles lab entrance 5037 | -9/Mines | Discovered new exit (range 5) 5078 | -9/Mines | Discovered new exit (range 7) 5130 | -9/Mines | Found the Drone Emporium 5139 | -9/Mines | Found Prototype Device 5139 | -9/Mines | Identified Sensor Drone Bay 5367 | -9/Mines | Found a hidden stash of uninstalled traps 5462 | -9/Mines | Escorted by a lone wolf Derelict 5621 | -9/Mines | A weapon hastily lodged in a ceiling crevice suddenly fell to the ground 5690 | -9/Mines | Received a Rocket Launcher from a helpful Derelict 5879 | -9/Mines | Entered Exiles 5879 | -9/Exiles | Accompanied by 1 ally 5916 | -9/Exiles | Met 8R-AWN 5945 | -9/Exiles | Met EX-HEX 6023 | -9/Exiles | Met EX-DEC 6189 | -9/Exiles | Met EX-BIN 6359 | -9/Exiles | Build established: Mutant 6633 | -9/Exiles | Attacked by the Exiles 6699 | -9/Exiles | Destroyed 7 combat bots 6713 | -9/Exiles | Build established: Tank 6770 | -9/Exiles | Core integrity fell below 50% 6791 | -9/Exiles | Lost 3 parts (1n1u1w) 6802 | -9/Exiles | Destroyed 8R-AWN 6807 | -9/Exiles | Found AS-neutralizer No. 17b 6831 | -9/Exiles | Found 8R-AWN's Boregun 6842 | -9/Exiles | Found Exp. Targeting Computer 6872 | -9/Exiles | Found 8R-AWN's Boregun 6910 | -9/Exiles | Discovered new exit (range 14) 6923 | -9/Exiles | Entered Mines 6954 | -8/Mines | 1C-UTU came to Exiles' defense 6961 | -8/Mines | Core integrity fell below 20% 6966 | -8/Mines | Destroyed by 1C-UTU with 1C-UTU's Sword "Lootmaker" Last Messages --------------- 06956_ 1C-UTU suffers critical hit (Destroy). 06956_ Destroyed Prototype Device. 06956_ HV Slug penetrates Wall. 06958_ 1C-UTU follow-up attacks with Prototype Slashing Weapon. 06958_ 8R-AWN's Boregun severed. 06958_ HV Slug penetrates Wall. 06960_ Acquired 8R-AWN's Boregun. 06961_ HV Slug penetrates Wall. 06961_ HV Slug penetrates 1C-UTU. 06961_ 1C-UTU suffers critical hit (Destroy). 06961_ Destroyed Prototype Device. 06961_ HV Slug penetrates Wall. 06963_ Imp. Treads destroyed. 06963_ Hvy. Assault Rifle destroyed. 06963_ 1C-UTU follow-up attacks with Prototype Slashing Weapon. 06964_ HV Slug penetrates 1C-UTU. 06964_ HV Slug penetrates Wall. 06964_ HV Slug penetrates 1C-UTU. 06964_ HV Slug penetrates Wall. 06964_ 1C-UTU follow-up attacks with Prototype Slashing Weapon. Map ----- +----------------------------------------------------+ | ?????????????????????????????? | | ?????????????????????????????? | | ?????????????????????????????? | | ?????????????????????????????? | | ?????????????????????????????? | | ?????????????????????????????? | | ?????????????????????????????? | | ?????????????????????????????? | | ?????????????????????????????? | | ?????????????????????????????? | | ?????????????????????????????? | | ?????????????????????????????? | | ?????????????????????????????? | | ?????????????????????????????? | | ?????????????????????????????? | | ?????????????????????????????? | | ?????????????????????????????? | | ?????????????????????????????? | | ?????????????????????????????? | | ?????????????????????????????? | | ?????????????????????????????? | | ?????????????????????????????? | | ?????????????????#???????????? | | ?????????????#??? ????##????? | | ?????????????# ??# ????#;###?? | | ?????????????# ## ????##@ #?? | | ????????????## #####l #?? | | ????????????# ## #?? | | ??????????????????# ##?? | | ??????????????????## ####??? | | ???????????????????#####?????? | | ?????????????????????????????? | | ?????????????????????????????? | | ?????????????????????????????? | | ?????????????????????????????? | | ?????????????????????????????? | | ?????????????????????????????? | | ?????????????????????????????? | | ?????????????????????????????? | | ?????????????????????????????? | | ?????????????????????????????? | | ?????????????????????????????? | | ?????????????????????????????? | | ?????????????????????????????? | | ?????????????????????????????? | | ?????????????????????????????? | | ?????????????????????????????? | | ?????????????????????????????? | | ?????????????????????????????? | | ?????????????????????????????? | +----------------------------------------------------+ Best States ------------- Heat Dissipation 42 Energy Generation 23 Energy Capacity 280 Matter Stores 300 Matter Capacity 300 Sight Range 16 Terrain Scan Density 10 Armor Coverage 150 Weapon Cycling 25 Evasion (%) 55 Targeting Accuracy 5 Recoil Reduction 3 Salvage Targeting 1 Item Schematics ----------------- None Robot Schematics ------------------ None Fabricated ------------ Nothing Repaired ---------- EM Pulse Gun | 33% | -10/Materials Lgt. Armor Plating | 44% | -9/Materials Alien Tech Used ----------------- None Achievements -------------- None Challenges ------------ None Game ------ Seed SmallAnalysisArray Manual? 0 Play Time 00:36:45 Cumulative 396.4 hours Start 2025.07.24 @ 18:04:04 End 2025.07.24 @ 18:46:15 Sessions 2 Manual Loads 0 Difficulty Rogue Special Mode None Game No. 263 Rogue 263 Adventurer 0 Explorer 0 Win Type - Total 28 Types 22/0/4/2/0/0/0/0/0/0 Lore% 91 Gallery% 82 Achievement% 68 Wizard Run 0 Options --------- Layout 0 ASCII 1 Keyboard 1 Movement Arrows Keybinds 0 Fullscreen 2 Font 18/Terminus Map View 76x50 Zoom Use 0% Tactical HUD 1 Map Filters NONE Filters NONE Steam 1 RUN: cc6396cf-7994-4288-8b51-59cfb42ffdc5